 Dungeon Crawl Stone Soup version 0.28-a0-643-g84cb2ea78e (webtiles) character file.

Game seed: 12612029994627517721

70 Irenicus the Digger (level 4, 16/36 HPs)
             Began as a Deep Dwarf Earth Elementalist on Oct 10, 2021.
             Quit the game on level 2 of the Dungeon.
             The game lasted 00:04:09 (428 turns).

Irenicus the Digger (Deep Dwarf Earth Elementalist)  Turns: 428, Time: 00:04:09

Health: 16/36      AC:  2    Str: 12    XL:     4   Next: 3%
Magic:  1/5        EV: 12    Int: 16    God:
Gold:   62         SH:  0    Dex: 13    Spells: 5/6 levels left

rFire   . . .      SeeInvis .   h - +0 club (vorpal)
rCold   . . .      Faith    .   (no shield)
rNeg    . . .      Spirit   .   b - +0 robe
rPois   .          Reflect  .   (no helmet)
rElec   .          Harm     .   (no cloak)
rCorr   .          Rampage  .   (no gloves)
Will    .....                   (no boots)
Stlth   ++........              (no amulet)
HPRegen 0.00/turn               (no ring)
MPRegen 0.09/turn               (no ring)

@: flying
A: damage resistance, heal wounds, sense surroundings 1, no regeneration
a: Heal Wounds


You were on level 2 of the Dungeon.
You visited 1 branch of the dungeon, and saw 2 of its levels.

You collected 62 gold pieces.


Innate Abilities, Weirdness & Mutations

You are resistant to damage.
You can heal yourself by infusing magical energy.
You passively map a small area around you.
You do not regenerate.


   Skills:
 - Level 2.1 Dodging
 - Level 2.4 Stealth
 - Level 1.7 Spellcasting
 - Level 0.8 Transmutations
 + Level 6.5 Earth Magic


You had 5 spell levels left.
You knew the following spells:

 Your Spells              Type           Power      Damage    Failure   Level
z - Sandblast             Erth           44%        2d11      1%          1

Your spell library contained the following spells:

 Spells                   Type           Power      Damage    Failure   Level
 Passwall                 Tmut/Erth      10%        N/A       7%          2
 Stone Arrow              Conj/Erth      22%        3d8       17%         3
 Petrify                  Tmut/Erth      13%        N/A       43%         4

Inventory:

Hand Weapons
 h - a +0 vorpal club (weapon)
Missiles
 c - 11 stones
Armour
 b - a +0 robe (worn)
Scrolls
 i - a scroll of torment

Dungeon Overview and Level Annotations

Branches:
Dungeon (2/15)

Altars:

.....(..# *
........#######
..g...........# ...#
#.......#
...####.......##########
,
...'†.'...........[.....*
,
...####.......§§§§§.....*
...#.)+.......ggg§§.....
,
...#)##.......§§@§§.....
...'.##.......########J.
...#..........#
.###.........)# ** , .#
#..<.......# * , .#
#..........# .
#..........# #.........?#
, , , #..........# *


You could see 3 gnolls.


Message History

Aim: a kobold, wielding a +0 short sword and quivering stones (heavily wounded, 76% to hit)
The blast of sand misses the kobold.
The kobold throws a stone.
The stone hits you but does no damage.
It was a potion of flight.
You feel very buoyant.
You fly up into the air.
The kobold throws a stone.
The stone hits you but does no damage.
You hit the kobold.
You kill the kobold!
An endoplasm comes into view.
Use which ability? (? or * to list)
Your magical essence is drained by the effort!
You feel much better. The gnoll closely misses you.
You aren't carrying any potions.
Unknown command.
As you read the scroll labelled ZOLITHR HAUC, it crumbles to dust.
The scroll dissolves into smoke.
It was a scroll of fog.
As you read the scroll labelled NIFIEF ODEE, it crumbles to dust.
It is a scroll of identify.
i - a scroll of torment The gnoll closely misses you.
The gnoll misses you.
The gnoll hits you from afar with a +0 halberd.
As you read the scroll labelled KIRODA DEGOIG, it crumbles to dust.
It is a scroll of brand weapon.
Your +0 club emits a brilliant flash of light!
h - a +0 vorpal club (weapon)
The gnoll hits you with a +0 club. x2
* * * LOW HITPOINT WARNING * * *
The gnoll misses you.
Are you sure you want to abandon this character and quit the game? (Confirm with "yes".)

Skill      XL: |  1  2  3 |
---------------+----------+-----
Earth Magic    | 5 6 |  6.5
Dodging        | |  2.1
Stealth        | |  2.4
Spellcasting   | |  1.7
Transmutations | |  0.8

Action                   |  1- 3 |  4- 6 || total
-------------------------+-------+-------++-------
Melee: Unarmed           |    33 |       ||    33
       Club              |    39 |     1 ||    40
 Cast: Sandblast         |    37 |     2 ||    39
 Abil: Heal Wounds       |     1 |     1 ||     2
  Use: Potion            |     1 |     1 ||     2
       Scroll            |       |     3 ||     3
Armor: Robe              |    49 |     2 ||    51
Dodge: Dodged            |   129 |     5 ||   134

Levels and vault maps discovered:
D:1:      lightli_arrival_noodles, layout_rooms, ebering_ecumenical_altar_rust
D:2:      layout_basic

Notes
Turn   | Place    | Note
-------+----------+-------------------------------------------
     0 | D:1      | Irenicus the Deep Dwarf Earth Elementalist began the quest
                  | for the Orb.
     0 | D:1      | Reached XP level 1. HP: 15/15 MP: 3/3
    64 | D:1      | Reached skill level 5 in Earth Magic
    64 | D:1      | Reached XP level 2. HP: 13/22 MP: 0/4
   123 | D:1      | Found a faded altar of an unknown god.
   255 | D:1      | Reached XP level 3. HP: 20/28 MP: 1/5
   376 | D:2      | Reached skill level 6 in Earth Magic
   398 | D:2      | Reached XP level 4. HP: 9/36 MP: 0/6
   428 | D:2      | Quit the game

Vanquished Creatures
  4 gnolls
  3 endoplasms (D:1)
  2 giant cockroaches (D:1)
  A goblin (D:1)
  4 hobgoblins
  3 quokkas
  3 ball pythons
  6 bats
  2 frilled lizards
  3 kobolds
  2 rats (D:1)
33 creatures vanquished.

Table legend: (Time is in decaauts)
 A = Elapsed time spent in this place.
 B = Non-inter-level travel time spent in this place.
 C = Inter-level travel time spent in this place.
 D = Time resting spent in this place.
 E = Time spent auto-exploring this place.
 F = Levels seen in this place.
 G = Mean time per level.
                   A        B        C        D        E       F      G
               +--------+--------+--------+--------+--------+-----+--------+
         Total |    439 |    439 |      0 |      0 |      0 |   2 |  219.5 |
       Dungeon |    439 |    439 |      0 |      0 |      0 |   2 |  219.5 |
               +--------+--------+--------+--------+--------+-----+--------+

Top non-repeatable levels by time:
     D:1: 358 daAuts
     D:2: 80 daAuts

Table legend:
 A = Non-vault XP
 B = Vault XP
 C = Vault XP percentage of total XP
 D = Non-vault monster count
 E = Vault monster count
 F = Vault count percentage of total count
                 A         B        C        D         E       F
            +---------+---------+-------+---------+---------+-------
      Total |     100 |       0 |   0.0 |      33 |       0 |   0.0
            +---------+---------+-------+---------+---------+-------
        D:1 |      48 |       0 |   0.0 |      23 |       0 |   0.0
        D:2 |      52 |       0 |   0.0 |      10 |       0 |   0.0
            +---------+---------+-------+---------+---------+-------
